 Dungeon Crawl Stone Soup version 0.31-a0-1-g4198be8af4 (webtiles) character file.

Game seed: 4012659050410992833

111 WhatsHerName the Gusty (level 4, 0/24 HPs)
             Began as a Tengu Air Elementalist on May 2, 2023.
             Slain by a quokka (5 damage)
             ... on level 3 of the Dungeon.
             The game lasted 00:02:55 (2519 turns).

WhatsHerName the Gusty (Tengu Air Elementalist)     Turns: 2519, Time: 00:02:55

Health: 0/24       AC:  2    Str:  8    XL:     4   Next: 92%
Magic:  3/9        EV: 12    Int: 18    God:
Gold:   107        SH:  0    Dex: 14    Spells: 8/9 levels left

rFire   . . .        (no weapon)
rCold   . . .        (no shield)
rNeg    . . .        a - +0 robe
rPois   .            (helmet restricted)
rElec   .            (no cloak)
rCorr   .            (no gloves)
SInv    .            (boots unavailable)
Will    .....        (no amulet)
Stlth   ++           (no ring)
HPRegen 0.24/turn    (no ring)
MPRegen 0.11/turn

%: no passive effects
@: no status effects
A: beak, talons 3
a: no special abilities


You were on level 3 of the Dungeon.
You visited 1 branch of the dungeon, and saw 3 of its levels.

You collected 107 gold pieces.


Innate Abilities, Weirdness & Mutations

You have a beak for a mouth.
You have claws for feet.


   Skills:
 - Level 2.1 Dodging
 - Level 2.0 Stealth
 + Level 3.0 Spellcasting
 + Level 3.6 Conjurations
 + Level 5.3 Air Magic


You had 8 spell levels left.
You knew the following spells:

 Your Spells              Type           Power      Damage    Failure   Level
s - Shock                 Conj/Air       72%        1d7       2%          1

Your spell library contained the following spells:

 Spells                   Type           Power      Damage    Failure   Level
 Static Discharge         Conj/Air       36%        2-4/arc   4%          2
 Swiftness                Air            21%        N/A       5%          3
 Slow                     Hex            8%         N/A       16%         1
 Airstrike                Air            10%        2d(2-18)  19%         4
 Ensorcelled Hibernation  Hex/Ice        4%         N/A       24%         2
 Passwall                 Tmut/Erth      1%         N/A       24%         2
 Confusing Touch          Hex            2%         N/A       43%         3
 Vampiric Draining        Necr           2%         2d6       43%         3
 Animate Dead             Necr           2%         N/A       85%         4
 Borgnjor's Vile Clutch   Necr/Erth      1%         N/A       99%         5
 Death Channel            Necr           1%         N/A       100%        6
 Chain Lightning          Conj/Air       9%         3d12      100%        9
 Fire Storm               Conj/Fire      4%         8d1       100%        9
 Shatter                  Erth           1%         3d5*      100%        9

Inventory:

Armour
 a - a +0 robe (worn)
Magical Staves
 l - a staff of poison {!a}
   (You found it on level 2 of the Dungeon)
Jewellery
 L - a ring of flight
   (You found it on level 3 of the Dungeon)
 T - an amulet of faith {!P}
   (You found it on level 2 of the Dungeon)
Scrolls
 c - 2 scrolls of silence {unknown}
 d - a scroll of amnesia {unknown}
 e - a scroll of enchant armour {unknown}
 i - a scroll of enchant weapon {unknown}
 j - a scroll of vulnerability {unknown}
 k - 2 scrolls of identify {unknown}
 m - a scroll of fog {unknown}
 n - 4 scrolls of noise {unknown}
 p - a scroll of immolation {!r!r}
Potions
 b - a potion of magic
 f - a potion of brilliance {unknown}
 g - a potion of mutation {unknown}
 h - a potion of flight {unknown}
 o - a potion of berserk rage {unknown}

Dungeon Overview and Level Annotations

Branches:
Dungeon (3/15)

Altars:

#.##..........##..#.###..........
#.##.............................
........#.#.#.##..#####.#........
........#...................####.
#.##....#.#.#.##..#####..........
.................>. .......##.##.
#.##....#...#.##.. ...........##.
#.##..........##.# ###........##.
............#.##@#####.....#####.
#...............r..........#####.
#..#.(...##.#....#####...........
....##.##.##.#...................
#..#....#........#####....#.####.
...#.............# (. ...
...##....#..#....# ###.
#...#..._..#.+....... #.
#..##.##....#....#### #.


You could see a quokka.


Message History

You can't see any susceptible monsters within range! (Use Z to cast anyway.)
Your magical contamination has completely faded away.
You see here an adder corpse.
n - 4 scrolls labelled BURION BATUU (gained 1)
You now have 107 gold pieces (gained 18).
Key pressed, stopping explore.
A rat comes into view.
The zap hits the rat.
The zap hits the rat.
You kill the rat!
You can't see any susceptible monsters within range! (Use Z to cast anyway.)
L - a ring of flight
Found a faded altar of an unknown god.
Found an escape hatch in the floor.
p - a scroll of immolation {!r!r}
There is a faded altar of an unknown god here.
Unknown command.
Press < or > to pray at altars.
Unknown command.
Press < or > to pray at altars.
An orc comes into view. It is wielding a +0 short sword.
The zap hits the orc.
The orc shouts!
An adder comes into view.
An orc comes into view. It is wielding a +0 mace.
An orc wizard comes into view. It is wielding a +0 dagger.
Unknown command.
Unknown command.
Unknown command.
Unknown command.
Unknown command.
Unknown command.
Unknown command.
Unknown command.
Unknown command.
Unknown command.
The zap misses the orc wizard.
The orc wizard shouts!
You miscast Shock.
You are very lightly contaminated with residual magic.
Nothing appears to happen.
An orc comes into view. It is wielding a +0 short sword.
Unknown command.
Unknown command.
Unknown command.
Unknown command.
Unknown command.
Unknown command.
The zap hits the adder.
The orc shouts!
An orc comes into view. It is wielding a +0 short sword.
The orc wizard gestures wildly while chanting.
The orc wizard flickers and vanishes!
Deactivating autopickup; reactivate with Ctrl-A.
The orc shouts!
The zap misses the adder.
Unknown command.
The zap hits the adder.
The adder bites you. The adder bites you.
Your magical contamination has completely faded away.
The zap hits the adder.
You kill the adder!
The zap hits the orc.
You kill the orc!
The zap hits the orc!
You kill the orc!
Your Spellcasting skill increases to level 3!
The zap hits the orc.
The zap misses the orc.
The zap hits something.
The zap hits the orc.
The zap hits something.
The zap hits the orc.
You kill the orc!
You hear some strange, mumbled words.
You are confused.
Something hits you but does no damage.
You feel less confused. The orc hits you with a +0 short sword.
You hear some strange, mumbled words.
You are confused.
Something hits you.
A quokka comes into view.
Something hits you. The orc attacks as you move away!
The orc barely misses you. Something hits you but does no damage.
Something hits you.
You completely miss the orc. You claw the orc, but do no damage.
Your peck misses the orc.
You feel less confused. Something hits you.
The orc hits you with a +0 short sword. The orc closely misses you.
You hear some strange, mumbled words.
A puff of flame appears from out of thin air!
The puff of flame hits you!
* * * LOW HITPOINT WARNING * * *
The quokka attacks as you move away! The quokka barely misses you.
The quokka closely misses you. The quokka attacks as you move away!
The quokka completely misses you. The quokka attacks as you move away!
The quokka barely misses you. The quokka bites you.
* * * LOW HITPOINT WARNING * * *
The quokka attacks as you move away! The quokka bites you.
You die...

Skill      XL: |  1  2  3  4 |
---------------+-------------+-----
Conjurations   | 2 3 |  3.6
Air Magic      | 5 |  5.3
Spellcasting   | 3 |  3.0
Dodging        | |  2.1
Stealth        | |  2.0

Action                     |  1- 3 |  4- 6 || total
---------------------------+-------+-------++-------
  Melee: Unarmed           |     2 |     1 ||     3
         Kick              |     1 |     1 ||     2
   Cast: Shock             |    81 |    32 ||   113
 Armour: Robe              |     7 |     4 ||    11
  Dodge: Dodged            |    13 |    10 ||    23

Levels and vault maps discovered:
D:1:      dpeg_cavernosity, layout_basic, minmay_pentomino_v4
D:2:      layout_rooms
D:3:      layout_basic, hellmonk_ecumenical_altar_blasted

Notes
Turn   | Place    | Note
-------+----------+-------------------------------------------
     0 | D:1      | WhatsHerName the Tengu Air Elementalist began the quest for
                  | the Orb.
     0 | D:1      | Reached XP level 1. HP: 10/10 MP: 4/4
   159 | D:1      | You pick up a book of Debilitation and begin reading...
   159 | D:1      | You add the spells Slow, Vampiric Draining and Confusing
                  | Touch to your library.
   325 | D:1      | Reached XP level 2. HP: 15/15 MP: 4/6
   354 | D:1      | Reached skill level 2 in Conjurations
   556 | D:1      | You pick up a book of Burglary and begin reading...
   556 | D:1      | You add the spells Passwall and Ensorcelled Hibernation to
                  | your library.
  1125 | D:1      | Reached XP level 3. HP: 19/19 MP: 3/7
  1598 | D:2      | You pick up a book of Unlife and begin reading...
  1598 | D:2      | You add the spells Animate Dead, Borgnjor's Vile Clutch and
                  | Death Channel to your library.
  1667 | D:2      | You pick up a book of Annihilations and begin reading...
  1667 | D:2      | You add the spells Chain Lightning, Fire Storm and Shatter
                  | to your library.
  1742 | D:2      | Reached skill level 3 in Conjurations
  1742 | D:2      | Reached XP level 4. HP: 24/24 MP: 2/9
  1854 | D:2      | Reached skill level 5 in Air Magic
  2464 | D:3      | Found a faded altar of an unknown god.
  2491 | D:3      | Reached skill level 3 in Spellcasting
  2507 | D:3      | HP: 5/24 [something/puff of flame (11)]
  2515 | D:3      | HP: 5/24 [quokka (2)]
  2519 | D:3      | Slain by a quokka

Vanquished Creatures
  6 adders
  A worm (D:3)
  A dart slug (D:2)
  3 orcs (D:3)
  3 ball pythons
  7 endoplasms
  A giant cockroach (D:2)
  3 goblins
  6 hobgoblins (D:1)
  2 quokkas (D:2)
  6 bats
  3 frilled lizards (D:1)
  4 kobolds
  5 rats
51 creatures vanquished.

Table legend:
 A = Non-vault XP
 B = Vault XP
 C = Vault XP percentage of total XP
 D = Non-vault monster count
 E = Vault monster count
 F = Vault count percentage of total count
                 A         B        C        D         E       F
            +---------+---------+-------+---------+---------+-------
      Total |     147 |      12 |   7.5 |      43 |       8 |  15.7
            +---------+---------+-------+---------+---------+-------
        D:1 |      29 |      12 |  29.3 |      19 |       8 |  29.6
        D:2 |      76 |       0 |   0.0 |      17 |       0 |   0.0
        D:3 |      42 |       0 |   0.0 |       7 |       0 |   0.0
            +---------+---------+-------+---------+---------+-------

Skill      XL: |  1  2  3  4 |
---------------+-------------+-----
Conjurations   | 2 3 |  3.6
Air Magic      | 5 |  5.3
Spellcasting   | 3 |  3.0
Dodging        | |  2.1
Stealth        | |  2.0

Action                     |  1- 3 |  4- 6 || total
---------------------------+-------+-------++-------
  Melee: Unarmed           |     2 |     1 ||     3
         Kick              |     1 |     1 ||     2
   Cast: Shock             |    81 |    32 ||   113
 Armour: Robe              |     7 |     4 ||    11
  Dodge: Dodged            |    13 |    10 ||    23

Illustrated notes

Table legend:
 A = Kills in this place as a percentage of kills in the entire game.
 B = Kills by you in this place as a percentage of kills by you in the entire game.
 C = Kills by friends in this place as a percentage of kills by friends in the entire game.
 D = Other kills in this place as a percentage of other kills in the entire game.
 E = Experience gained in this place as a percentage of experience gained in the entire game.
 F = Experience gained in this place divided by the number of levels of this place that you have seen.
                   A       B       C       D       E      F
               +-------+-------+-------+-------+-------+----------------------
         Total | 100.0 | 100.0 |   N/A |   N/A | 100.0 |  53.0
       Dungeon | 100.0 | 100.0 |   N/A |   N/A | 100.0 |  53.0
               +-------+-------+-------+-------+-------+----------------------

Table legend: (Time is in decaauts)
 A = Elapsed time spent in this place.
 B = Non-inter-level travel time spent in this place.
 C = Inter-level travel time spent in this place.
 D = Time resting spent in this place.
 E = Time spent auto-exploring this place.
 F = Levels seen in this place.
 G = Mean time per level.
                   A        B        C        D        E       F      G
               +--------+--------+--------+--------+--------+-----+--------+
         Total |   2518 |   2441 |     77 |     53 |   2130 |   3 |  839.3 |
       Dungeon |   2518 |   2441 |     77 |     53 |   2130 |   3 |  839.3 |
               +--------+--------+--------+--------+--------+-----+--------+

Top non-repeatable levels by time:
     D:1: 1429 daAuts
     D:2: 800 daAuts
     D:3: 288 daAuts
